 Dungeon Crawl Stone Soup version 0.16.0-12-g7215832 (webtiles) character file.

1374292 Chiseanne the Vine Barricade (level 27, -5/168 HPs)
             Began as a Vine Stalker Monk on Mar 17, 2015.
             Was the Champion of the Shining One.
             Killed from afar by an electric golem (15 damage)
             ... with a bolt of lightning
             ... on level 5 of the Realm of Zot on Mar 18, 2015.
             The game lasted 12:11:09 (101366 turns).

Chiseanne the Vine Barricade (Vine Stalker Monk)  Turns: 101366, Time: 12:11:09

Health: -5/168     AC: 25    Str: 21    XL:     27
Magic:  0/55       EV: 39    Int:  7    God:    the Shining One [******]
Gold:   5473       SH: 33    Dex: 25    Spells: 7 memorised, 31 levels left

rFire  + + .     SeeInvis +       - Unarmed
rCold  + + +     Clarity  .     n - +4 skin of Zhor {rC+++}
rNeg   + + +     SustAb   .     q - +6 large shield {reflect}
rPois  +         Gourm    .     T - -2 helmet "Twetiz" {MR+ MP+9 Int-3 Dex+6}
rElec  .         Spirit   +     X - +2 cloak {rPois}
rCorr  +         Warding  +     a - +0 pair of gloves of the Shining Light {rC+ MR+ rCorr}
rMut   .         Stasis   .     r - +1 pair of boots {Fly}
MR     +++++                    O - macabre finger necklace {Ward rN+}
Stlth  +.........               h - ring of Robustness {AC+8}
                                o - ring of Cuatoe {Contam rC+ MP+9 Slay+3 SInv}
                                A - ring "Nacvoish" {rF++ EV+2 Dex-2}

@: about to teleport, flying, glowing, almost entirely resistant to hostile
enchantments, very unstealthy
A: fangs 3, clumsy 1, regeneration 3, magic shield, antimagic bite, no device
heal 3, rot immunity, forlorn
a: Divine Shield, Cleansing Flame, Summon Divine Warrior, Renounce Religion,
Stop Flying
}: 14/15 runes: decaying, serpentine, slimy, silver, iron, obsidian, icy, bone,
abyssal, demonic, glowing, magical, fiery, dark


You were on level 5 of the Realm of Zot.
You worshipped the Shining One.
The Shining One was exalted by your worship.
You were not hungry.

You visited 17 branches of the dungeon, and saw 94 of its levels.
You visited Pandemonium 1 time, and saw 57 of its levels.
You visited the Abyss 1 time.
You visited 2 ziggurats, and saw 32 of their levels (deepest: 25).
You also visited: Labyrinth, Ice Cave and Volcano.

You collected 34975 gold pieces.
You spent 14888 gold pieces at shops.
You paid 14614 gold pieces to Gozag.

Inventory:

Armour
 a - the +0 pair of gloves of the Shining Light (worn) {rC+ MR+ rCorr}
   (You found it on level 1 of the Depths)

   It protects you from cold.
   It affects your resistance to hostile enchantments.
   It protects you from acid and corrosion.
 n - the +4 skin of Zhor (worn) {rC+++}
   (You found it on level 10 of a ziggurat)

   It renders you almost immune to cold.
 q - a +6 large shield of reflection (worn)
 r - a +1 pair of boots of flying (worn)
 w - the +1 pair of boots of Shatutet {-Cast Str+3 Dex+7}
   (You found it on level 5 of a ziggurat)

   It affects your strength (+3).
   It affects your dexterity (+7).
   It prevents spellcasting.
 T - the -2 helmet "Twetiz" (worn) {MR+ MP+9 Int-3 Dex+6}
   (You found it on level 3 of the Crypt)

   It affects your intelligence (-3).
   It affects your dexterity (+6).
   It affects your resistance to hostile enchantments.
   It affects your magic capacity (+9).
 W - the +8 chain mail "Vamoc" {rElec rF+ rC- Dex+4 Stlth-}
   (You bought it in a shop on level 1 of the Depths)

   It affects your dexterity (+4).
   It protects you from fire.
   It makes you vulnerable to cold.
   It insulates you from electricity.
   It makes you less stealthy.
 X - a +2 cloak of poison resistance (worn)
Rods
 c - a +5 lightning rod (16/16)
   (You took it off a fire giant on level 5 of the Vaults)
 Y - a +4 lightning rod (16/16)
   (You took it off a yaktaur on level 5 of the Vaults)
Jewellery
 h - the ring of Robustness (right hand) {AC+8}
   (You found it on level 7 of the Iron City of Dis)

   [ring of protection]

   It affects your AC (+8).
 o - the ring of Cuatoe (left hand) {Contam rC+ MP+9 Slay+3 SInv}
   (You found it on level 6 of the Pits of Slime)

   [ring of protection from cold]

   It affects your accuracy and damage with ranged weapons and melee attacks
   (+3).
   It protects you from cold.
   It affects your magic capacity (+9).
   It enhances your eyesight.
   It causes magical contamination when unequipped.
 A - the ring "Nacvoish" (on amulet) {rF++ EV+2 Dex-2}
   (You found it on level 23 of a ziggurat)

   [ring of evasion]

   It affects your evasion (+2).
   It affects your dexterity (-2).
   It greatly protects you from fire.
 E - the ring of Pyron {Wiz rElec rC+ Dex+5}
   (You found it on level 16 of a ziggurat)

   [ring of wizardry]

   It improves your spell success rate.
   It affects your dexterity (+5).
   It protects you from cold.
   It insulates you from electricity.
 K - the ring of Eternal Harmony {rPois rF+ EV+3 Dex-2}
   (You found it on level 21 of a ziggurat)

   [ring of evasion]

   It affects your evasion (+3).
   It affects your dexterity (-2).
   It protects you from fire.
   It protects you from poison.
 O - the macabre finger necklace (around neck) {Ward rN+}
   (You took it off a deep elf sorcerer on level 3 of the Elven Halls)

   [amulet of warding]

   It may prevent the melee attacks of summoned creatures.
   It protects you from negative energy.
Magical devices
 j - a wand of hasting (5)
 k - a wand of teleportation (6)
 L - a wand of fireball (1)
 P - a wand of digging (12)
 U - a wand of teleportation (6)
 Z - a wand of teleportation (4)
Scrolls
 i - 38 scrolls of remove curse
 l - 9 scrolls of blinking
 m - 4 scrolls of holy word
 p - 6 scrolls of recharging
 t - 20 scrolls of fog
 y - 40 scrolls of teleportation
 B - 7 scrolls of silence
 D - 10 scrolls of magic mapping
 F - 38 scrolls of identify
 S - 7 scrolls of immolation
Potions
 d - 2 potions of cure mutation
 f - 40 potions of curing
 s - a potion of haste
 u - 8 potions of restore abilities
 z - 9 potions of cancellation
 H - a potion of might
 J - 2 potions of resistance
 N - 2 potions of magic
Books
 e - Ivifroqio's Tome of Enchantment
   (You found it on level 10 of a ziggurat)

   Spells                             Type                      Level
   a - Dazzling Spray                 Conjuration/Hexes            3
   b - Leda's Liquefaction            Hexes/Earth                  4
   c - Invisibility                   Hexes                        6
   d - Darkness                       Hexes                        7
 C - a book of Summonings

   Spells                             Type                      Level
   a - Abjuration                     Summoning                    3
   b - Recall                         Summoning/Translocation      3
   c - Shadow Creatures               Summoning                    5
   d - Summon Demon                   Summoning                    5
   e - Summon Forest                  Summoning/Translocation      5
   f - Monstrous Menagerie            Summoning                    6
 M - a book of Debilitation

   Spells                             Type                      Level
   a - Corona                         Hexes                        1
   b - Slow                           Hexes                        2
   c - Inner Flame                    Hexes/Fire                   3
   d - Enslavement                    Hexes                        4
   e - Cause Fear                     Hexes                        4
   f - Leda's Liquefaction            Hexes/Earth                  4
Miscellaneous
 g - a disc of storms
 x - a disc of storms
 G - 9 phantom mirrors
 I - a fan of gales
 Q - a phial of floods
 R - a stone of tremors
 V - a lamp of fire (inert)
Comestibles
 b - 10 bread rations
 v - 52 meat rations


   Skills:
 * Level 24.4 Fighting
 - Level 22.3 Armour
 + Level 25.3 Dodging
 - Level 2.4 Stealth
 O Level 27 Shields
 O Level 27 Unarmed Combat
 - Level 10.3 Spellcasting
   Level 5.0 Hexes
 - Level 13.8 Charms
 - Level 7.3 Translocations
 - Level 7.3 Transmutations
 - Level 5.0 Air Magic
 - Level 15.0 Earth Magic
 - Level 19.7 Invocations
 - Level 21.1 Evocations


You had 31 spell levels left.
You knew the following spells:

 Your Spells              Type           Power        Failure   Level  Hunger
a - Apportation           Tloc           ##........   1%          1    None
b - Shroud of Golubria    Chrm/Tloc      ###.......   1%          2    ##.....
c - Stoneskin             Trmt/Erth      ###.....     1%          2    ##.....
d - Flight                Chrm/Air       ###.......   1%          3    ###....
e - Control Teleport      Chrm/Tloc      ###.......   1%          4    ####...
f - Infusion              Chrm           ###...       1%          1    None
g - Song of Slaying       Chrm           ###.....     1%          2    ##.....


Dungeon Overview and Level Annotations

Branches:
Dungeon (15/15)            Temple (1/1) D:7            Lair (8/8) D:9
  Swamp (5/5) Lair:6        Snake (5/5) Lair:5        Slime (6/6) Lair:8
    Orc (4/4) D:12            Elf (3/3) Orc:4        Vaults (5/5) D:13
  Crypt (3/3) Vaults:2       Tomb (0/3) Crypt:3      Depths (5/5) D:15
   Hell (1/1)                 Dis (7/7) Hell            Geh (7/7) Hell
    Coc (7/7) Hell            Tar (7/7) Hell            Zot (5/5) Depths:5

Altars:
Ashenzari
Dithmenos
Elyvilon
Fedhas
Gozag
Kikubaaqudgha
Makhleb
Nemelex Xobeh
Sif Muna
Trog
Vehumet
Xom
Zin
The Shining One
Lugonu

Shops:
D:13 *!   D:14 ?   Orc:4 [%:%   Snake:1 [   Vaults:1 (   Vaults:2 (
Vaults:3 :**   Vaults:4 (*   Depths:1 [[?=[   Depths:2 =   Depths:3 [
Depths:4 *   Depths:5 }

Portals:
Hell: Depths:1 Depths:2 Depths:3 Depths:4 Depths:5
Abyss: Depths:1 Depths:2 Depths:4
Pandemonium: Orc:4 Depths:1 Depths:2 Depths:3 Depths:5

Annotations:
D:3 Blork the orc
Swamp:5 Saint Roka
Elf:2 3 runed doors
Depths:1 6 runed doors
Zot:5 exclusions: ice statue and orange crystal statue


Innate Abilities, Weirdness & Mutations

You have razor-sharp teeth.
You regenerate.
When hurt, damage is shared between your health and your magic reserves.
Your bite disrupts and absorbs the magic of your enemies.
Potions and wands cannot restore your health.
You are immune to rotting.
You are clumsy. (Dex -2)
You have difficulty communicating with the divine.


Message History

Your fire elemental barely misses the electric golem.
The electric golem barely misses your fire elemental.
The electric golem closely misses your fire elemental.
The electric golem completely misses your fire elemental.
The electric golem hits your fire elemental!
Read which item? (? for menu, Esc to quit)
As you read the scroll of teleportation, it crumbles to dust.
You feel strangely unstable.
The death cob barely misses your fire elemental.
The electric golem hurls lightning at you.
The bolt of lightning hits you!
* * * LOW HITPOINT WARNING * * *
The electric golem blinks!
You found a blade trap!
You hear a distant "Zot"!
The electric golem hurls lightning at you.
The bolt of lightning hits you!
* * * LOW HITPOINT WARNING * * *
The bolt of lightning hits you!
You die...

**......§.....^.....###...####
*,.......§*..........###......
*,.......§*D.........# ##.....
*,........§§.........# #.....
*..........E.........# ##....
*..........§%........# #....
*...........E........* ##....
*#...........8^.....#* #.....
*#..........@.....#* ##.....
##.............)## #......
################▓▓▓▓#######
###.#.#.#.###....#....# #
#.#.....#..#.........####
#.###.#....##......†#....
###<..#.#.#...####...##....
#...#..##'##..#####.######.
#...#.##...##..#.#.....#...


You could see 2 orbs of fire, an electric golem, a shadow dragon, a death cob
and 2 friendly fire elementals.

Vanquished Creatures
  Antaeus (Coc:7)
  Asmodeus (Geh:7)
  the royal jelly (Slime:6)
  the Serpent of Hell (Coc:7)
  Gloorx Vloq (Pan)
  Dispater (Dis:7)
  Lom Lobon (Pan)
  An orb of fire (Zot:5)
  8 ancient liches
  The ghost of MDvedh the Impregnable, an awesomely powerful GrAE of Okawaru (Zot:5)
  10 shard shrikes
  9 sphinxes
  Margery (Crypt:1)
  17 pandemonium lords
  3 Killer Klowns
  A caustic shrike (Depths:3)
  3 curse toes
  Mennas (Depths:5)
  Geryon (Hell)
  12 golden dragons
  Xtahua (Crypt:3)
  A profane servitor (Zig:18)
  14 bone dragons
  33 Brimstone Fiends
  A spellforged servitor (Zig:18)
  15 tentacled monstrosities
  A hellephant (Coc:7)
  16 Hell Sentinels
  Vashnia (Snake:3)
  10 liches
  3 titans (Vaults:5)
  32 Ice Fiends
  13 Orb Guardians (Zot:5)
  4 deep elf master archers
  4 deep elf blademasters
  Murray (Hell)
  27 Shadow Fiends
  An eldritch tentacle (Tar:7)
  15 tentacled starspawn
  8 quicksilver dragons
  7 thorn hunters
  A kraken (Abyss:4)
  41 Executioners
  10 ancient champions
  5 octopode crushers
  17 acid blobs
  Rupert (D:15)
  10 shadow dragons
  4 tengu reavers
  13 storm dragons
  7 revenants
  6 draconian monks
  19 frost giants
  14 azure jellies
  30 greater nagas
  3 daevas (Pan)
  42 balrugs
  15 orc warlords
  32 cacodemons
  3 draconian zealots
  Aizul (Snake:5)
  12 iron dragons
  2 draconian knights (Zot:1)
  6 draconian scorchers
  14 fire giants
  17 vault wardens
  2 caustic shrike zombies (Zig:19)
  3 curse skulls
  3 angels (Pan)
  16 deep elf sorcerers
  Gastronok (Lair:3)
  4 emperor scorpions
  81 reapers
  8 ghost moths
  3 ghouls
  Jorgrun (Snake:2)
  2 spriggan defenders
  6 draconian shifters
  38 stone giants
  11 warmongers
  28 very ugly things
  8 draconian annihilators
  15 corrupters
  2 elemental wellsprings
  19 war gargoyles
  3 salamander firebrands
  19 ironheart preservers
  2 stone giants (shapeshifter)
  4 draconian callers
  4 green draconians
  16 rakshasas
  11 grey draconians
  5 bennus (Zig:10)
  22 blood saints
  5 black draconians
  14 deep elf annihilators
  10 deep elf demonologists
  15 chaos champions
  3 red draconians
  A dire elephant (shapeshifter) (Zig:5)
  9 mottled draconians
  5 dire elephants
  7 white draconians
  5 pale draconians
  4 yellow draconians
  4 unborn
  20 lorocyprocas
  15 vampire knights
  47 blizzard demons
  4 purple draconians
  14 black suns
  20 ettins
  Snorg (Snake:4)
  7 merfolk javelineers
  11 deep elf death magi
  19 eidola
  2 merfolk impalers (Zig:17)
  A deep troll (shapeshifter) (Vaults:2)
  3 mummy priests
  4 jiangshi
  11 deep elf high priests
  25 fire dragons
  3 death cobs
  35 green deaths
  6 quicksilver dragon zombies
  42 vault guards
  The ghost of miro the Fighter, a powerful GrFi of Makhleb (Orc:4)
  20 yaktaur captains
  8 death oozes
  10 minotaurs
  3 kraken zombies
  23 great orbs of eyes
  Harold (Lair:5)
  25 naga warriors
  5 quicksilver dragon skeletons
  27 ice dragons
  35 monstrous demonspawn (Pan)
  4 spectral frost giants
  10 centaur warriors
  A catoblepas (shapeshifter) (Zig:5)
  5 merfolk aquamancers
  25 hydras
  Erica (Lair:3)
  3 catoblepae
  2 alligator snapping turtles (Zig:17)
  4 dancing weapons
  12 anacondas
  5 spriggan air magi
  4 ghost crabs
  8 alligators
  27 hell beasts
  A satyr (Zig:17)
  13 deep troll earth magi
  11 ogre magi
  8 tengu warriors
  4 death knights
  17 deep troll shamans
  5 vampire magi
  52 thrashing horrors
  36 death yaks
  7 titan zombies
  23 naga sharpshooters
  21 orc high priests
  Urug (D:15)
  6 hell hogs
  4 storm dragon zombies
  64 sun demons
  5 spriggan berserkers
  Nergalle (Lair:3)
  2 fire crabs
  4 iron golems
  11 shock serpents
  4 hell knights (Crypt:1)
  A fire crab (shapeshifter) (Vaults:3)
  2 salamander mystics
  49 soul eaters
  16 wretched stars
  4 shadow wraiths
  88 skeletal warriors
  Erolcha (Orc:4)
  4 death drakes
  5 titan skeletons
  4 storm dragon skeletons
  18 deep elf knights
  8 spatial maelstroms
  12 anaconda zombies
  A ghost moth zombie (Coc:6)
  40 deep trolls
  A cherub (Pan)
  5 golden dragon zombies
  9 iron trolls
  A swamp dragon (shapeshifter) (Vaults:4)
  A death scarab (Zig:10)
  24 infernal demonspawn
  3 sea snakes
  50 ice devils
  16 deep elf summoners
  2 giant orange brains
  31 shadow demons
  32 torturous demonspawn
  4 wizards
  19 swamp dragons
  3 spriggan druids
  17 flayed ghosts
  6 unseen horrors
  2 ice statues
  16 gelid demonspawn
  2 kraken simulacra (Coc:7)
  An obsidian statue (Zig:7)
  14 hill giants
  17 naga ritualists
  9 anaconda skeletons
  A golden dragon skeleton (Depths:4)
  4 lindwurms
  8 shadow dragon zombies
  20 necromancers
  4 shambling mangroves
  17 mana vipers
  3 sphinx zombies
  27 orc knights
  A wolf spider zombie (Coc:7)
  5 iron dragon zombies
  18 putrid demonspawn
  A quicksilver dragon simulacrum (Zig:10)
  20 ironbrand convokers
  89 large abominations
  A cyclops (shapeshifter) (Vaults:1)
  17 wolf spiders
  13 harpies
  8 hornets
  3 shining eyes
  19 deep elf conjurers
  5 worldbinders
  7 griffons
  6 fire giant zombies
  6 frost giant zombies
  19 orc sorcerers
  6 stone giant zombies
  24 phantasmal warriors
  4 oklob plants
  6 water nymphs
  4 fauns (Zig:17)
  An orb spider (Zig:16)
  21 moths of wrath
  59 ugly things
  7 cyclopes
  5 shadow dragon skeletons
  23 salamanders
  A tengu skeleton (Depths:4)
  A manticore (shapeshifter) (Vaults:5)
  6 manticores
  4 air elementals
  A faun (shapeshifter) (Elf:2)
  9 iron dragon skeletons
  8 elephants
  3 guardian serpents (shapeshifter)
  A shock serpent zombie (Tar:1)
  81 smoke demons
  2 elephants (shapeshifter)
  6 frost giant skeletons
  6 stone giant skeletons
  2 dire elephant zombies
  4 fire giant skeletons
  64 black mambas
  A black mamba (shapeshifter) (Zig:15)
  3 sirens (Zig:17)
  6 torpor snails
  78 rust devils
  2 eyes of devastation
  35 naga magi
  6 apocalypse crabs
  66 sixfirhies
  5 titan simulacra (Coc:7)
  14 guardian serpents
  16 vault sentinels
  7 dire elephant skeletons
  A green draconian zombie (Crypt:2)
  10 storm dragon simulacra (Coc:7)
  12 spectral swamp worms
  2 komodo dragons (shapeshifter)
  41 hellions
  8 molten gargoyles
  2 shock serpent skeletons
  A yaktaur zombie (D:15)
  90 orange demons
  3 fire drakes
  11 komodo dragons
  63 yaktaurs
  5 anaconda simulacra
  2 catoblepas zombies
  4 emperor scorpion zombies
  23 demonic crawlers
  78 hellwings
  4 tengu conjurers
  27 spiny frogs
  A kobold demonologist (Depths:2)
  15 ancient zymes
  A ghoul skeleton (Zig:18)
  A yaktaur (shapeshifter) (Vaults:5)
  17 hydra zombies
  A redback zombie (D:15)
  6 efreet
  A queen bee (Lair:4)
  14 deep elf priests
  A golden dragon simulacrum (IceCv)
  7 silent spectres
  41 tormentors
  6 jumping spiders
  46 freezing wraiths
  6 wandering mushrooms
  11 two-headed ogres
  43 blue devils
  7 harpy zombies
  15 merfolk
  3 guardian mummies
  65 red devils
  2 trolls (shapeshifter)
  14 trolls
  2 hornet zombies
  2 wolf spider simulacra (IceCv)
  130 slime creatures
  15 boulder beetles
  5 hydra skeletons
  A two-headed ogre (shapeshifter) (Vaults:2)
  A frost giant simulacrum (Abyss:3)
  A moth of wrath zombie (Zig:7)
  2 stone giant simulacra
  15 raiju
  14 giant leeches
  A boulder beetle (shapeshifter) (Abyss:4)
  3 ice dragon zombies
  26 ravens
  A slime creature (shapeshifter) (Vaults:2)
  5 snapping turtles (Zig:17)
  9 ettin zombies
  5 spriggan zombies
  38 blink frogs
  A harpy skeleton (Coc:5)
  3 ushabtiu
  22 bog bodies
  2 baby alligators (Swamp:3)
  A fire dragon zombie (Tar:1)
  33 wraiths
  A guardian serpent skeleton (Crypt:2)
  3 black mamba zombies
  5 basilisks
  3 dire elephant simulacra (IceCv)
  11 spriggans
  6 alligator zombies
  A trapdoor spider (shapeshifter) (Vaults:5)
  63 flying skulls
  8 tarantellas
  12 redbacks
  4 alligator skeletons
  4 fire dragon skeletons
  37 shadows
  5 trapdoor spiders
  37 deep elf fighters
  20 water elementals
  52 ynoxinuls
  3 ettin skeletons
  17 vampires
  2 black mamba skeletons
  24 golden eyes
  2 ice dragon skeletons
  14 hungry ghosts
  23 chaos spawn
  A yak (shapeshifter) (Abyss:4)
  44 yaks
  10 hippogriffs
  3 fire bats (Depths:1)
  8 fire elementals
  39 deep elf magi
  17 wolves
  67 nagas
  12 wargs
  2 mottled dragons
  29 swamp worms
  A soldier ant (shapeshifter) (Elf:3)
  43 neqoxecs
  8 insubstantial wisps
  3 iron troll simulacra (IceCv)
  15 spatial vortices
  35 vampire mosquitoes
  15 hydra simulacra
  A harpy simulacrum (IceCv)
  10 porcupines
  13 raven skeletons (Crypt:3)
  8 spiny frog zombies
  5 ice beasts
  39 water moccasins
  59 hell hounds
  66 orc warriors
  9 swamp drakes
  A spider (Zig:16)
  2 spiny frog skeletons
  3 sky beasts
  A snapping turtle zombie (Coc:4)
  2 manticore zombies
  A spider (shapeshifter) (Vaults:1)
  23 necrophages
  24 centaurs
  2 snapping turtle skeletons
  An eye of draining (shapeshifter) (Vaults:1)
  A boggart (Depths:3)
  3 alligator simulacra
  6 eyes of draining
  14 wasps
  3 boring beetles
  59 ogres
  A swamp dragon skeleton (Coc:6)
  A fire dragon simulacrum (Abyss:1)
  15 phantoms
  Sigmund (D:7)
  17 crocodiles
  12 big kobolds
  2 spiny frog simulacra
  4 elf zombies
  An earth elemental (Zig:2)
  2 wyvern zombies
  32 giant frogs
  3 brain worms (Pan)
  2 water moccasin skeletons
  A manticore simulacrum (Tar:1)
  3 scorpions
  A troll zombie (D:12)
  An elf simulacrum (Vaults:3)
  34 killer bees
  2 spriggan skeletons
  2 oklob saplings (D:8)
  2 goliath beetles (D:14)
  25 small abominations
  A troll skeleton (Tar:7)
  23 crimson imps
  11 electric eels
  A giant frog zombie (D:13)
  6 lava snakes
  5 draconian simulacra (IceCv)
  60 starcursed masses
  A giant frog skeleton (D:12)
  8 iguanas
  8 quasits
  4 centaur zombies
  49 wights
  5 human zombies
  41 orc priests
  43 jellies
  6 centaur skeletons
  12 hounds
  33 iron imps
  2 human skeletons
  41 orc wizards
  9 hell rats
  16 worker ants
  A lightning spire (Zig:19)
  30 sheep
  5 troll simulacra
  A spriggan simulacrum (IceCv)
  3 centaur simulacra (IceCv)
  2 naga zombies
  7 ogre zombies (D:12)
  A hound zombie (D:5)
  A hound skeleton (D:5)
  16 mummies
  3 naga simulacra (IceCv)
  A worker ant zombie (D:5)
  65 river rats
  19 adders
  7 gnolls
  An ogre simulacrum (IceCv)
  18 shadow imps
  32 white imps
  3 worms
  A giant eyeball (Pan)
  65 ufetubi
  5 giant geckos
  6 oozes
  260 orcs
  A ball python (D:2)
  7 giant cockroaches
  51 goblins
  48 hobgoblins
  6 jackals
  50 kobolds
  17 bats
  5 giant newts
  A goblin skeleton (D:12)
  A goblin zombie (Zig:24)
  3 hobgoblin zombies
  A jackal skeleton (D:4)
  2 kobold skeletons
  A lurking horror (Abyss:3)
  4 orc skeletons (D:12)
  36 orc zombies
  9 quokkas
  A quokka skeleton (D:5)
  17 rats
  4 briar patches
  5 crawling corpses (Zig:15)
  9 fungi
  3 grand avatars
  34 plants
  8 starspawn tentacles
  2 starspawn tentacle segments (Abyss:4)
  10 tentacles
6896 creatures vanquished.

Vanquished Creatures (collateral kills)
  Cerebov (Pan)
  Ereshkigal (Tar:7)
  Mnoleg (Pan)
  An ancient lich (Zig:21)
  2 pandemonium lords (Pan)
  An Ice Fiend (Coc:7)
  A Hell Sentinel (Zig:25)
  2 Shadow Fiends
  A deep elf master archer (Zig:11)
  3 liches (Zig:21)
  A quicksilver dragon (Zig:22)
  4 ancient champions (Zig:21)
  A revenant (Zig:21)
  2 Executioners (Pan)
  An azure jelly (Zig:9)
  A daeva (Pan)
  4 greater nagas (Zig:22)
  2 balrugs (Pan)
  A frost giant (Vaults:5)
  A curse skull (Pan)
  An orc warlord (Zig:24)
  2 angels
  A reaper (Tar:7)
  3 corrupters
  A black sun (Zig:25)
  A merfolk javelineer (Zig:11)
  2 blizzard demons
  3 jiangshi (Zig:21)
  An eidolon (Zig:21)
  A rakshasa (Abyss:4)
  3 naga warriors
  An anaconda (Zig:22)
  A vampire mage (Zig:21)
  5 shock serpents
  2 orc high priests (Zig:24)
  2 sun demons
  3 naga sharpshooters
  2 soul eaters
  A wretched star (Abyss:4)
  5 skeletal warriors (Tar:7)
  5 shadow wraiths
  An ice devil (Tar:7)
  An anaconda zombie (Tar:7)
  A golden dragon zombie (Coc:7)
  A shambling mangrove (Zig:21)
  A swamp dragon (Zig:14)
  A shadow demon (Tar:7)
  2 oklob plants (Zig:24)
  A harpy (Zig:17)
  A shining eye (Zig:9)
  A wolf spider zombie (Tar:7)
  3 orb spiders (Zig:16)
  A salamander (Zig:22)
  3 wizards (Pan)
  A mana viper (Zig:22)
  A hornet (Zig:16)
  An elf zombie (Zig:21)
  An air elemental (Zig:22)
  6 black mambas (Zig:22)
  A sixfirhy (Pan)
  A rust devil (Pan)
  4 guardian serpents
  A stone giant skeleton (Tar:7)
  5 naga magi
  An orange demon (Pan)
  3 smoke demons (Pan)
  A tormentor (Tar:7)
  2 demonic crawlers (Pan)
  A hellion (Geh:7)
  6 hellwings (Pan)
  A yaktaur (Zig:11)
  A ghoul skeleton (Zig:21)
  A silent spectre (Zig:21)
  4 red devils (Pan)
  A blue devil (Coc:7)
  A shadow (Tar:7)
  A flying skull (Geh:7)
  A trapdoor spider (Zig:16)
  A fire dragon skeleton (Pan)
  3 chaos spawn
  A redback (Vaults:5)
  A vampire mosquito (Zig:14)
  A hungry ghost (Tar:7)
  2 neqoxecs
  A human zombie (Zig:21)
  A naga (Zig:22)
  2 swamp drakes (Zig:14)
  An orc warrior (Zig:24)
  2 large abominations (Pan)
  A hell hound (Dis:7)
  2 centaurs (Zig:11)
  A shadow imp (Tar:7)
  8 ufetubi (Abyss:4)
  5 orcs (Zig:24)
  A goblin zombie (Zig:24)
  A spectral goblin (Zig:21)
  3 plants (Zig:24)
181 creatures vanquished.

Vanquished Creatures (others)
  An eldritch tentacle (Pan)
  A tengu reaver (Zig:13)
  10 daevas
  A deep elf sorcerer (Zig:13)
  A greater naga (Zig:22)
  14 angels
  A stone giant (Zig:24)
  A rakshasa (Vaults:2)
  3 blood saints (Zig:13)
  A bennu (Zig:10)
  A deep elf high priest (Elf:3)
  2 satyrs (Abyss:4)
  A naga sharpshooter (Zig:22)
  3 ball lightnings (Pan)
  A naga ritualist (Zig:13)
  A golden dragon skeleton (Geh:7)
  3 wizards
  A putrid demonspawn (Pan)
  3 deep elf conjurers
  A wolf spider (Zig:16)
  2 fauns (Zig:17)
  A smoke demon (Zig:25)
  2 vault sentinels
  16 air elementals
  A black mamba (Zig:20)
  26 fire elementals
  A komodo dragon (Zig:14)
  A hellwing (Zig:25)
  A tengu conjurer (Zig:13)
  A boulder beetle (Zig:13)
  An ushabti (Zig:10)
  A ynoxinul (Zig:23)
  An ice dragon skeleton (Geh:7)
  2 redbacks
  14 water elementals
  A trapdoor spider (Zig:16)
  A golden eye (Slime:5)
  2 nagas (Snake:5)
  A swamp worm (Swamp:4)
  A swamp drake (Zig:8)
  A wasp (Zig:16)
  3 earth elementals
  9 lost souls
  2 ogres
  A wight (Geh:3)
  An iron imp (Dis:7)
  An iguana (D:13)
  A worker ant (D:13)
  A sheep (Lair:6)
  A river rat (Lair:3)
  3 ufetubi (Pan)
  A giant gecko (D:1)
  9 orcs
  A bat (D:1)
  A bat skeleton (Crypt:1)
  A lurking horror (Abyss:4)
  4 briar patches
  111 eldritch tentacle segments
  5 fungi
  12 plants
  28 starspawn tentacles
  256 starspawn tentacle segments
  23 tentacles
  285 tentacle segments
889 creatures vanquished.

Grand Total: 7966 creatures vanquished

Notes
Turn   | Place    | Note
--------------------------------------------------------------
     0 | D:1      | Chiseanne, the Vine Stalker Monk, began the quest for the Orb.
     0 | D:1      | Reached XP level 1. HP: 11/11 MP: 1/1
    62 | D:1      | Reached XP level 2. HP: 11/16 MP: 3/3
   331 | D:1      | Reached XP level 3. HP: 16/19 MP: 4/4
  1264 | D:2      | Reached XP level 4. HP: 16/24 MP: 5/5
  1363 | D:2      | Found a deep blue altar of Sif Muna.
  1607 | D:3      | Found a white marble altar of Elyvilon.
  1661 | D:3      | Found a bloodstained altar of Trog.
  2015 | D:3      | Noticed Blork the orc
  2257 | D:3      | You fall through a shaft for 2 floors!
  2257 | D:5      | Entered Level 5 of the Dungeon
  2502 | D:4      | Reached skill level 5 in Unarmed Combat
  2502 | D:4      | Reached XP level 5. HP: 28/28 MP: 7/7
  2508 | D:4      | Reached skill level 1 in Armour
  2639 | D:4      | Gained mutation: You can breathe flames. [potion of beneficial mutation]
  2865 | D:4      | Found a shimmering altar of Xom.
  2930 | D:4      | Gained mutation: You heal very quickly. [vine stalker growth]
  2930 | D:4      | Reached XP level 6. HP: 30/32 MP: 8/8
  3175 | D:5      | Found a blossoming altar of Fedhas.
  3492 | D:5      | Noticed a centaur
  3496 | D:5      | Reached XP level 7. HP: 28/37 MP: 9/9
  3500 | D:5      | Killed a centaur
  4147 | D:6      | Reached skill level 6 in Unarmed Combat
  4212 | D:6      | Gained mutation: You have razor-sharp teeth. [vine stalker growth]
  4212 | D:6      | Reached XP level 8. HP: 42/42 MP: 11/11
  5037 | D:6      | Reached skill level 5 in Dodging
  5145 | D:6      | Reached skill level 7 in Unarmed Combat
  5240 | D:6      | Reached XP level 9. HP: 46/46 MP: 12/12
  5404 | D:6      | Reached skill level 5 in Fighting
  5501 | D:6      | Reached skill level 5 in Armour
  6222 | D:7      | Found a staircase to the Ecumenical Temple.
  6238 | Temple   | Entered the Ecumenical Temple
  6259 | Temple   | Became a worshipper of Gozag Ym Sagoz the Greedy
  6540 | D:7      | Noticed Sigmund
  6545 | D:7      | Killed Sigmund
  6804 | D:7      | Reached skill level 8 in Unarmed Combat
  7147 | D:8      | Found a radiant altar of Vehumet.
  7257 | D:8      | Found Zin's Purification Station.
  7259 | D:8      | Found a glowing silver altar of Zin.
  7282 | D:8      | Bought a potion of curing for 90 gold pieces
  7351 | D:8      | Reached XP level 10. HP: 39/53 MP: 13/13
  7430 | D:8      | Found a sparkling altar of Nemelex Xobeh.
  7511 | D:8      | Noticed a wandering mushroom
  7514 | D:8      | Killed a wandering mushroom
  7514 | D:8      | Reached skill level 1 in Shields
  7519 | D:8      | Noticed a wandering mushroom
  7525 | D:8      | Killed a wandering mushroom
  7528 | D:8      | Found a blossoming altar of Fedhas.
  7528 | D:8      | Noticed a wandering mushroom
  7528 | D:8      | Noticed a wandering mushroom
  7538 | D:8      | Killed a wandering mushroom
  7713 | D:8      | Killed a wandering mushroom
  8164 | D:9      | Reached skill level 9 in Unarmed Combat
  8341 | D:9      | Found a staircase to the Lair.
  8883 | D:10     | Entered Level 10 of the Dungeon
  9058 | D:10     | Reached XP level 11. HP: 26/58 MP: 15/15
  9600 | D:11     | Noticed a hill giant
  9614 | D:11     | Killed a hill giant
 10039 | D:11     | Reached skill level 10 in Unarmed Combat
 10368 | D:12     | Noticed a hill giant
 10380 | D:12     | Killed a hill giant
 10624 | D:12     | Reached skill level 5 in Shields
 10680 | D:12     | Noticed a hill giant
 10734 | D:12     | Found a staircase to the Orcish Mines.
 10757 | D:12     | Killed an unseen horror
 10850 | D:12     | Killed a hill giant
 11053 | D:12     | Noticed a hill giant
 11062 | D:12     | Killed a hill giant
 11230 | D:12     | Found a glowing golden altar of the Shining One.
 11967 | D:13     | Got an encrusted leather armour
 11987 | D:13     | Identified the +1 leather armour of the Leaf {rElec rC- Int+4} (You found it on level 13 of the Dungeon)
 12007 | D:13     | Noticed a centaur warrior
 12043 | D:13     | Killed a centaur warrior
 12043 | D:13     | Gained mutation: You regenerate. [vine stalker growth]
 12043 | D:13     | Reached XP level 12. HP: 50/64 MP: 16/16
 12060 | D:13     | Found Scho Qur's Distillery.
 12092 | D:13     | Bought a potion of restore abilities for 70 gold pieces
 12092 | D:13     | Bought 2 potions of berserk rage for 140 gold pieces
 12092 | D:13     | Bought 2 potions of resistance for 280 gold pieces
 12092 | D:13     | Bought a potion of might for 56 gold pieces
 12092 | D:13     | Bought a potion of restore abilities for 70 gold pieces
 12092 | D:13     | Bought a potion of flight for 42 gold pieces
 12403 | D:13     | Found Genuanou's General Store.
 12412 | D:13     | Bought a scroll of summoning for 133 gold pieces
 12412 | D:13     | Bought a scroll of magic mapping for 49 gold pieces
 12412 | D:13     | Bought a cursed -3 ring of slaying for 28 gold pieces
 12412 | D:13     | Bought a slice of pizza for 21 gold pieces
 12502 | D:13     | Noticed a six-headed hydra
 12509 | D:13     | Killed a six-headed hydra
 12680 | D:13     | Noticed a vault guard
 12681 | D:13     | Reached skill level 11 in Unarmed Combat
 12682 | D:13     | Noticed a vault guard
 12704 | D:13     | Noticed a vault guard
 12707 | D:13     | Noticed a vault guard
 12760 | D:13     | Killed a vault guard
 12809 | D:13     | Killed a vault guard
 12814 | D:13     | Noticed a vault guard
 12818 | D:13     | Killed a vault guard
 12830 | D:13     | Killed a vault guard
 12840 | D:13     | Noticed a vault guard
 12847 | D:13     | Killed a vault guard
 12857 | D:13     | Killed a vault guard
 12894 | D:13     | Noticed a vault guard
 12901 | D:13     | Noticed a vault guard
 12917 | D:13     | Killed a vault guard
 12926 | D:13     | Killed a vault guard
 12926 | D:13     | Reached XP level 13. HP: 30/69 MP: 17/17
 12935 | D:13     | Found a gate to the Vaults.
 13117 | D:14     | Found Twahug's Magic Scroll Shoppe.
 13125 | D:14     | Bought a scroll of fear for 35 gold pieces
 13125 | D:14     | Bought a scroll of teleportation for 30 gold pieces
 13125 | D:14     | Bought a scroll of summoning for 95 gold pieces
 13174 | D:14     | Got a tattered robe
 13297 | D:14     | Identified the +2 robe "Mabahukh" {Dex+7} (You found it on level 14 of the Dungeon)
 14074 | D:15     | Entered Level 15 of the Dungeon
 14301 | D:15     | Reached skill level 12 in Unarmed Combat
 14401 | D:15     | Noticed Urug
 14416 | D:15     | Killed Urug
 14644 | D:15     | Reached XP level 14. HP: 35/75 MP: 17/18
 14688 | D:15     | Found a staircase to the Depths.
 14861 | D:15     | Noticed Rupert
 14874 | D:15     | Paralysed by Rupert for 5 turns
 14880 | D:15     | Killed Rupert
 15202 | Lair:1   | Entered Level 1 of the Lair of Beasts
 16279 | D:13     | Bought the +2 pair of boots of the Assassin {Stlth++} for 379 gold pieces
 16279 | D:13     | Bought a potion of curing for 42 gold pieces
 16279 | D:13     | Bought a bread ration for 70 gold pieces
 16279 | D:13     | Bought a bread ration for 70 gold pieces
 16362 | Orc:1    | Entered Level 1 of the Orcish Mines
 16946 | Orc:2    | Found a bloodstained altar of Trog.
 17061 | Orc:2    | Reached skill level 10 in Shields
 17113 | Orc:2    | Reached skill level 10 in Dodging
 17471 | Orc:2    | Found a glowing silver altar of Zin.
 18386 | Orc:3    | Noticed an orc warlord
 18404 | Orc:2    | Killed an orc warlord
 18880 | Orc:3    | Reached skill level 13 in Unarmed Combat
 19263 | Orc:4    | Entered Level 4 of the Orcish Mines
 19267 | Orc:4    | Noticed miro's ghost (powerful GrFi)
 19375 | Orc:4    | Killed miro's ghost
 19443 | Orc:4    | Found a staircase to the Elven Halls.
 19687 | Orc:4    | Found Ofrouwke's Food Shoppe.
 19900 | Orc:4    | Noticed Erolcha
 20288 | Orc:4    | Found Preakeh's Food Emporium.
 20390 | Orc:4    | Bought a beef jerky for 16 gold pieces
 20390 | Orc:4    | Bought a beef jerky for 16 gold pieces
 20390 | Orc:4    | Bought a beef jerky for 16 gold pieces
 20390 | Orc:4    | Bought a royal jelly for 22 gold pieces
 20390 | Orc:4    | Bought 3 fruits for 49 gold pieces
 20390 | Orc:4    | Bought a slice of pizza for 16 gold pieces
 20399 | Orc:4    | Bought 2 fruits for 30 gold pieces
 20399 | Orc:4    | Bought a beef jerky for 15 gold pieces
 20399 | Orc:4    | Bought a beef jerky for 15 gold pieces
 20399 | Orc:4    | Bought a royal jelly for 20 gold pieces
 20399 | Orc:4    | Bought a beef jerky for 15 gold pieces
 20399 | Orc:4    | Bought a slice of pizza for 15 gold pieces
 20477 | Orc:4    | Reached skill level 10 in Fighting
 20831 | Orc:4    | Reached XP level 15. HP: 80/80 MP: 19/19
 20834 | Orc:4    | Killed Erolcha
 21003 | Orc:4    | Reached skill level 10 in Armour
 21043 | Orc:4    | Found Itearieg's Book Boutique.
 21043 | Orc:4    | Found Fadug's Antique Armour Shop.
 21081 | Orc:4    | Found a one-way gate leading to the halls of Pandemonium.
 21083 | Orc:4    | Bought a dazzling scale mail for 378 gold pieces
 21083 | Orc:4    | Bought a scorched plate armour for 1176 gold pieces
 21085 | Orc:4    | Bought a helmet for 189 gold pieces
 21101 | Orc:4    | Identified the +4 scale mail "Uffuxin" {MR+} (You bought it in a shop on level 4 of the Orcish Mines)
 21111 | Orc:4    | Identified the +8 plate armour of the Shore {+Blink rElec Stlth-} (You bought it in a shop on level 4 of the Orcish Mines)
 21782 | Lair:2   | Got a smelly ring mail
 21839 | Lair:2   | Identified the +4 ring mail of the Hidden Spirits {+Blink rF+ Int+3} (You found it on level 2 of the Lair of Beasts)
 22328 | Lair:3   | Found a dark tunnel.
 22334 | Volcano  | Entered a volcano
 22493 | Volcano  | Found a radiant altar of Vehumet.
 22554 | Volcano  | Found a burning altar of Makhleb.
 22647 | Lair:3   | Noticed Gastronok
 22685 | Lair:3   | Killed Gastronok
 22723 | Lair:3   | Found a labyrinth entrance.
 22733 | Lab      | Entered a labyrinth
 23142 | Lab      | Identified the Tome of Helpful Displacement
 23146 | Lab      | Learned a level 1 spell: Apportation
 23149 | Lab      | Learned a level 2 spell: Shroud of Golubria
 23157 | Lab      | Identified Tuefutuhyl's Catalogue of Curses
 23303 | Lair:3   | Noticed Nergalle
 23310 | Lair:3   | Killed Nergalle
 23386 | Lair:3   | Noticed Erica
 23397 | Lair:3   | Killed Erica
 25565 | Lair:5   | Noticed Harold
 25575 | Lair:5   | Killed Harold
 25690 | Lair:5   | Found a staircase to the Snake Pit.
 26003 | Lair:5   | Reached XP level 16. HP: 74/86 MP: 20/20
 26698 | Lair:6   | Reached skill level 14 in Unarmed Combat
 26710 | Lair:6   | Found a staircase to the Swamp.
 27809 | Lair:8   | Entered Level 8 of the Lair of Beasts
 27813 | Lair:8   | Found a staircase to the Slime Pits.
 27861 | Lair:8   | Identified a scroll of acquirement
 28784 | Lair:8   | Found a blossoming altar of Fedhas.
 29182 | Swamp:1  | Entered Level 1 of the Swamp
 29941 | Swamp:2  | Got a pair of pitted boots
 29952 | Swamp:2  | Identified the cursed -2 pair of boots of the Ecumenical Temple {-Cast rPois rF+ rN+ MR+ Dex-4} (You found it on level 2 of the Swamp)
 30322 | Swamp:2  | Noticed a thorn hunter
 30340 | Swamp:2  | Killed a thorn hunter
 30867 | Swamp:3  | Found a frozen archway.
 30879 | Swamp:3  | Reached XP level 17. HP: 83/91 MP: 21/21
 30906 | IceCv    | Entered an ice cave
 31329 | IceCv    | Noticed an Ice Fiend
 31348 | IceCv    | Killed an Ice Fiend
 31881 | Swamp:3  | Got a pair of scorched boots
 31892 | Swamp:3  | Identified the -1 pair of boots "Akaxtioc" {rN+} (You acquired it on level 3 of the Swamp)
 32563 | Swamp:4  | Gained mutation: Your skin changes colour to match your surroundings (Stealth). [potion of beneficial mutation]
 32780 | Swamp:5  | Entered Level 5 of the Swamp
 33095 | Swamp:5  | Noticed Saint Roka
 33374 | Swamp:5  | Reached skill level 15 in Unarmed Combat
 33500 | Swamp:5  | Reached XP level 18. HP: 46/98 MP: 21/21
 33661 | Swamp:5  | Got a decaying rune of Zot
 34339 | Elf:1    | Entered Level 1 of the Elven Halls
 35211 | Elf:1    | Reached skill level 15 in Shields
 35758 | Elf:2    | Found a deep blue altar of Sif Muna.
 35908 | Elf:2    | Found a runed gate.
 35909 | Elf:2    | Found a runed gate.
 35909 | Elf:2    | Found a runed gate.
 36118 | Elf:3    | Entered Level 3 of the Elven Halls
 36553 | Elf:3    | HP: 4/98 [deep elf blademaster/rapier (4)]
 36958 | Elf:3    | Reached XP level 19. HP: 92/102 MP: 22/22
 37259 | Elf:3    | Got a crude steel amulet
 37339 | Elf:3    | Got a translucent battleaxe
 37388 | Elf:3    | Reached skill level 16 in Shields
 37408 | Elf:3    | Got a translucent leather armour
 37427 | Elf:3    | Got a crystal shortbow
 37438 | Elf:3    | Got a scintillating platinum ring
 37482 | Elf:3    | Identified the +0 leather armour "Grap Aso" {rN+ Int+4} (You took it off a deep elf sorcerer on level 3 of the Elven Halls)
 37495 | Elf:3    | Identified the amulet of Ehefouma {+Rage rF+} (You took it off a deep elf high priest on level 3 of the Elven Halls)
 37503 | Elf:3    | Identified the ring "Thocyt" {rC- Str+4 SInv Stlth+} (You found it on level 3 of the Elven Halls)
 37705 | Elf:3    | Got a spiked plate armour
 37718 | Elf:3    | Identified the +7 plate armour of Fallacy {-Tele rElec rN+} (You found it on level 3 of the Elven Halls)
 38014 | Vaults:1 | Entered Level 1 of the Vaults
 39377 | Vaults:1 | Found Hiat's Weapon Shop.
 39472 | Vaults:1 | Identified Phau's Compendium of the Oath (You found it on level 1 of the Vaults)
 39504 | Vaults:1 | Reached XP level 20. HP: 96/108 MP: 23/23
 40055 | Vaults:2 | Upgraded the game from 0.16.0-11-gd45b091 to 0.16.0-12-g7215832
 40127 | Vaults:2 | Learned a level 2 spell: Stoneskin
 40174 | Vaults:2 | Found Yxzaug's Weapon Emporium.
 40574 | Vaults:2 | Found a staircase to the Crypt.
 40796 | Vaults:2 | Reached skill level 17 in Unarmed Combat
 41308 | Vaults:3 | Found Teobloefro's Assorted Antiques.
 41313 | Vaults:3 | Bought a potion of might for 108 gold pieces
 41313 | Vaults:3 | Bought a scroll of teleportation for 81 gold pieces
 41313 | Vaults:3 | Bought a scroll of magic mapping for 94 gold pieces
 41313 | Vaults:3 | Bought a scroll of immolation for 94 gold pieces
 41313 | Vaults:3 | Bought a potion of invisibility for 216 gold pieces
 41337 | Vaults:3 | Found Izou's Assorted Antiques.
 41775 | Vaults:3 | Bought a scroll of immolation for 119 gold pieces
 41775 | Vaults:3 | Bought a scroll of teleportation for 102 gold pieces
 41781 | Vaults:3 | Bought a phantom mirror for 1020 gold pieces
 41781 | Vaults:3 | Bought a disc of storms for 680 gold pieces
 41863 | Vaults:3 | Got a pair of warped gloves
 41874 | Vaults:3 | Identified the cursed -4 pair of gloves of the Valley {+Fly rElec Int-3 Dex+3} (You found it on level 3 of the Vaults)
 42152 | Vaults:3 | Found Ypyg's Book Shoppe.
 42466 | Vaults:3 | Reached XP level 21. HP: 113/116 MP: 23/23
 42765 | Vaults:4 | Found Belemm's Assorted Antiques.
 42768 | Vaults:4 | Bought a scroll of identify for 70 gold pieces
 42768 | Vaults:4 | Bought a potion of magic for 280 gold pieces
 42768 | Vaults:4 | Bought a scroll of recharging for 332 gold pieces
 42768 | Vaults:4 | Bought a potion of curing for 105 gold pieces
 42768 | Vaults:4 | Bought a scroll of recharging for 332 gold pieces
 42768 | Vaults:4 | Bought a potion of mutation for 87 gold pieces
 42772 | Vaults:4 | Bought a glowing cloak for 157 gold pieces
 43004 | Vaults:4 | Reached skill level 18 in Unarmed Combat
 43168 | Vaults:4 | Found Klasugahal's Antique Weapon Emporium.
 43364 | Vaults:4 | Reached skill level 15 in Fighting
 44506 | Depths:1 | Entered Level 1 of the Depths
 44749 | Depths:1 | Found a gateway to Hell.
 44793 | Depths:1 | Found a one-way gate to the infinite horrors of the Abyss.
 45042 | Depths:1 | Found a large runed door.
 45045 | Depths:1 | Found a large runed door.
 45067 | Depths:1 | Found a huge runed gate.
 45090 | Depths:1 | Found a gateway to a ziggurat.
 45124 | Depths:1 | Reached skill level 19 in Unarmed Combat
 45232 | Depths:1 | Found a large runed door.
 45244 | Depths:1 | Found a large runed door.
 45381 | Depths:1 | Found a huge runed gate.
 45381 | Depths:1 | Found a huge runed gate.
 45381 | Depths:1 | Found a huge runed gate.
 45381 | Depths:1 | Found a huge runed gate.
 45397 | Depths:1 | Reached XP level 22. HP: 124/124 MP: 24/24
 45581 | Depths:1 | Found Miesoaq's Antique Armour Shop.
 45586 | Depths:1 | Bought a faintly humming scale mail for 261 gold pieces
 45586 | Depths:1 | Bought a glowing helmet for 130 gold pieces
 45622 | Depths:1 | Identified the cursed -2 scale mail of Immorality {rC+ Int+3} (You bought it in a shop on level 1 of the Depths)
 45675 | Depths:1 | Found a large runed door.
 45678 | Depths:1 | Found a large runed door.
 45723 | Depths:1 | Found a large runed door.
 45740 | Depths:1 | Found a large runed door.
 45880 | Depths:1 | Got a pair of encrusted gloves
 45941 | Depths:1 | Identified the +0 pair of gloves of the Shining Light {rC+ MR+ rCorr} (You found it on level 1 of the Depths)
 46160 | Depths:2 | Found Reghied's Jewellery Emporium.
 46276 | Depths:2 | Bought an uncursed ring of flight for 385 gold pieces
 46276 | Depths:2 | Bought an uncursed ring of invisibility for 660 gold pieces
 46276 | Depths:2 | Bought an uncursed amulet of guardian spirit for 660 gold pieces
 46276 | Depths:2 | Bought an uncursed amulet of stasis for 385 gold pieces
 46276 | Depths:2 | Bought an uncursed ring of fire for 550 gold pieces
 46378 | Depths:2 | Found a sparkling altar of Nemelex Xobeh.
 47026 | Depths:2 | Reached skill level 20 in Unarmed Combat
 47766 | Depths:3 | Found Klol's Armour Shop.
 48029 | Depths:3 | Reached XP level 23. HP: 115/131 MP: 25/25
 48091 | Depths:3 | Noticed a caustic shrike
 48098 | Depths:3 | Killed a caustic shrike
 48110 | Depths:3 | Identified the Reference Book on Calling
 48163 | Depths:3 | Got a scorched ring mail
 48216 | Depths:3 | Identified the cursed -2 ring mail "Khupitemm" {+Blink Int+3 SInv} (You found it on level 3 of the Depths)
 49036 | Depths:4 | Reached skill level 21 in Unarmed Combat
 49228 | Depths:4 | Got a crude tin ring
 49235 | Depths:4 | Identified the ring "Keemp" {-Cast rPois rC+++ rN+} (You found it on level 4 of the Depths)
 49574 | Depths:4 | Found Faifaoha's General Store.
 49580 | Depths:4 | Bought a scroll of identify for 28 gold pieces
 49580 | Depths:4 | Bought a scroll of identify for 28 gold pieces
 49580 | Depths:4 | Bought 2 scrolls of enchant armour for 210 gold pieces
 49580 | Depths:4 | Bought a scroll of blinking for 105 gold pieces
 49580 | Depths:4 | Bought 3 scrolls of teleportation for 126 gold pieces
 49580 | Depths:4 | Bought a potion of curing for 42 gold pieces
 49580 | Depths:4 | Bought a meat ration for 70 gold pieces
 50074 | Depths:4 | Found a corrupted altar of Lugonu.
 50393 | Depths:5 | Entered Level 5 of the Depths
 50396 | Depths:5 | Found Frumawnaaze's Gadget Shop.
 50405 | Depths:5 | Reached XP level 24. HP: 127/140 MP: 25/25
 50675 | Depths:5 | Found a shattered altar of Ashenzari.
 50758 | Depths:5 | Found a gate to the Realm of Zot.
 50767 | Depths:5 | Reached skill level 22 in Unarmed Combat
 51116 | Depths:5 | Noticed Mennas
 51173 | Depths:5 | Killed Mennas
 52178 | Depths:1 | Bought a heavily runed helmet for 256 gold pieces
 52178 | Depths:1 | Bought a jewelled plate armour for 756 gold pieces
 52178 | Depths:1 | Bought a smoking ring mail for 243 gold pieces
 52191 | Depths:1 | Identified the cursed -3 helmet of Philately {Str+4} (You bought it in a shop on level 1 of the Depths)
 52208 | Depths:1 | Identified the +1 plate armour of the Furies {rC+ rN+ MR+ Int+2 Dex-3} (You bought it in a shop on level 1 of the Depths)
 52233 | Depths:1 | Identified the +2 ring mail "Sarchur" {Regen+} (You bought it in a shop on level 1 of the Depths)
 52268 | Depths:1 | Bought a jewelled cloak for 275 gold pieces
 52268 | Depths:1 | Bought a pair of transparent gloves for 275 gold pieces
 52281 | Depths:1 | Identified the +3 cloak of Chimes {+Inv Regen+ Str+7 Slay-4} (You bought it in a shop on level 1 of the Depths)
 52309 | Depths:1 | Identified the +0 pair of gloves of Joy {Str+4} (You bought it in a shop on level 1 of the Depths)
 52325 | Depths:1 | Bought a polished chain mail for 275 gold pieces
 52336 | Depths:1 | Identified the +8 chain mail "Vamoc" {rElec rF+ rC- Dex+4 Stlth-} (You bought it in a shop on level 1 of the Depths)
 52364 | Depths:1 | Bought a pair of runed boots for 130 gold pieces
 52742 | Snake:1  | Entered Level 1 of the Snake Pit
 52766 | Snake:1  | Found Ekolomuvi's Antique Armour Shoppe.
 52807 | Snake:1  | Found a blossoming altar of Fedhas.
 53500 | Snake:2  | Got a brightly glowing scale mail
 53520 | Snake:2  | Identified the cursed -4 scale mail of Trumpets {rF- rC+ MR+ Int+3} (You found it on level 2 of the Snake Pit)
 53759 | Snake:2  | Noticed Jorgrun
 53763 | Snake:2  | Killed Jorgrun
 54498 | Snake:3  | Noticed Vashnia
 54507 | Snake:3  | Killed Vashnia
 55494 | Snake:4  | Reached XP level 25. HP: 134/147 MP: 25/25
 55532 | Snake:4  | Reached skill level 23 in Unarmed Combat
 55757 | Snake:4  | Noticed Snorg
 55765 | Snake:4  | Killed Snorg
 56166 | Snake:5  | Entered Level 5 of the Snake Pit
 56689 | Snake:5  | Got a serpentine rune of Zot
 57013 | Snake:5  | Noticed Aizul
 57030 | Snake:5  | Killed Aizul
 58042 | Slime:1  | Entered Level 1 of the Pits of Slime
 58814 | Slime:4  | Reached skill level 24 in Unarmed Combat
 59026 | Slime:6  | Entered Level 6 of the Pits of Slime
 59084 | Slime:6  | Noticed the royal jelly
 59095 | Slime:6  | Killed the royal jelly
 59095 | Slime:6  | Reached XP level 26. HP: 138/155 MP: 26/26
 59201 | Slime:6  | Got a sparkling amber ring
 59216 | Slime:6  | Identified the Catalogue of Execration and Dislocation
 59261 | Slime:6  | Got a shimmering silver ring
 59289 | Slime:6  | Identified the Almanac of the Damaging Birds (You found it on level 6 of the Pits of Slime)
 59291 | Slime:6  | Got a slimy rune of Zot
 59293 | Slime:6  | Identified the Volume of the Firefly (You found it on level 6 of the Pits of Slime)
 59376 | Slime:6  | Got a transparent scale mail
 59409 | Slime:6  | Identified the cursed +0 scale mail "Byemucai" {rElec rC+ rN++ MP-9 Int-2} (You found it on level 6 of the Pits of Slime)
 59437 | Slime:6  | Identified the ring of Cuatoe {Contam rC+ MP+9 Slay+3 SInv} (You found it on level 6 of the Pits of Slime)
 59440 | Slime:6  | Identified the ring of Oneohey Skuf {rElec rPois MR+ Dex-4} (You found it on level 6 of the Pits of Slime)
 59464 | Slime:6  | Gained mutation: You have large cloven feet. [a shining eye]
 60088 | Depths:1 | Bought a shiny helmet for 130 gold pieces
 60120 | Depths:1 | Bought a twisted leather armour for 203 gold pieces
 60130 | Depths:1 | Identified the +0 leather armour "Brieb" {+Fly MP-9 Str+2 Slay+2} (You bought it in a shop on level 1 of the Depths)
 60148 | Depths:1 | Bought a scroll of teleportation for 54 gold pieces
 60148 | Depths:1 | Bought a scroll of fog for 36 gold pieces
 60290 | Crypt:1  | Entered Level 1 of the Crypt
 60290 | Crypt:1  | Noticed Margery
 60295 | Crypt:1  | Reached skill level 1 in Evocations
 60312 | Crypt:1  | Killed Margery
 60426 | Crypt:3  | Entered Level 3 of the Crypt
 60593 | Crypt:3  | Found an ancient bone altar of Kikubaaqudgha.
 60931 | Crypt:3  | Noticed Xtahua
 60939 | Crypt:3  | Killed Xtahua
 61228 | Crypt:3  | Reached skill level 15 in Dodging
 61250 | Crypt:3  | Found a staircase to the Tomb.
 61398 | Crypt:3  | Reached skill level 5 in Evocations
 61476 | Crypt:3  | Noticed an ancient lich
 61496 | Crypt:3  | Killed an ancient lich
 61521 | Crypt:3  | Got a spiked helmet
 61614 | Crypt:3  | Identified the cursed -2 helmet "Twetiz" {MR+ MP+9 Int-3 Dex+6} (You found it on level 3 of the Crypt)
 63259 | Depths:5 | Bought a disc of storms for 420 gold pieces
 63259 | Depths:5 | Bought a phantom mirror for 630 gold pieces
 63282 | Zot:1    | Entered Level 1 of the Realm of Zot
 63342 | Zot:1    | Reached XP level 27. HP: 141/161 MP: 35/35
 64974 | Zot:3    | Reached skill level 10 in Evocations
 66153 | Zot:5    | Entered Level 5 of the Realm of Zot
 66265 | Zot:5    | Noticed MDvedh's ghost (awesomely powerful GrAE)
 66328 | Zot:5    | Killed MDvedh's ghost
 66775 | Depths:5 | Reached skill level 15 in Armour
 67195 | Vaults:5 | Entered Level 5 of the Vaults
 68192 | Vaults:5 | Got a silver rune of Zot
 68549 | Vaults:5 | Identified the Papyrus of the Vitriolic Voyage
 68553 | Vaults:5 | Identified a +3 rod of inaccuracy (12/12) (You found it on level 5 of the Vaults)
 68561 | Vaults:5 | Got a dazzling eveningstar
 68562 | Vaults:5 | Identified the +6 eveningstar of Defiance {freeze, *Rage +Blink rF+ Dex-3 SInv} (You found it on level 5 of the Vaults)
 69002 | Vaults:5 | Identified the Tome of Cold and Illusion (You found it on level 5 of the Vaults)
 69025 | Vaults:5 | Got a wavering silver ring
 69027 | Vaults:5 | Identified the ring "Twakunt" {rN+ Str+3 Dex+3} (You found it on level 5 of the Vaults)
 69031 | Vaults:5 | Got a brightly glowing plate armour
 69059 | Vaults:5 | Identified the +1 plate armour "Mamux" {rF- MR+ MP+9 Int+3 Dex-4} (You found it on level 5 of the Vaults)
 69648 | D:12     | Fell from the grace of Gozag
 69648 | D:12     | Became a worshipper of the Shining One
 69827 | Zig:1    | Entered Level 1 of a ziggurat
 69847 | Zig:2    | Entered Level 2 of a ziggurat
 69870 | Zig:3    | Entered Level 3 of a ziggurat
 69909 | Zig:4    | Entered Level 4 of a ziggurat
 69996 | Zig:5    | Entered Level 5 of a ziggurat
 70040 | Zig:6    | Entered Level 6 of a ziggurat
 70103 | Zig:7    | Entered Level 7 of a ziggurat
 70107 | Zig:7    | Acquired the Shining One's first power
 70114 | Zig:7    | Paralysed by accursed screaming for 2 turns
 70120 | Zig:7    | Paralysed by accursed screaming for 2 turns
 70367 | Hell     | Entered the Vestibule of Hell
 70367 | Hell     | Noticed Geryon
 70384 | Hell     | Acquired the Shining One's second power
 70406 | Hell     | Killed Geryon
 70511 | Hell     | Noticed Murray
 70519 | Hell     | Killed Murray
 70519 | Hell     | Reached skill level 1 in Invocations
 70556 | Hell     | Found a gateway to the Iron City of Dis.
 70592 | Hell     | Acquired the Shining One's third power
 70612 | Hell     | Found a gateway to the freezing wastes of Cocytus.
 70734 | Hell     | Found a gateway to the decaying netherworld of Tartarus.
 70803 | Hell     | Found a gateway to the ashen valley of Gehenna.
 70803 | Hell     | Acquired the Shining One's fourth power
 70929 | Dis:1    | Entered Level 1 of the Iron City of Dis
 71448 | Dis:3    | Reached skill level 5 in Invocations
 72390 | Dis:7    | Entered Level 7 of the Iron City of Dis
 72970 | Dis:7    | Got a spiked leather armour
 72996 | Dis:7    | Identified the +1 leather armour "Butixeem" {rC- rN+ rCorr Int+5} (You found it on level 7 of the Iron City of Dis)
 73063 | Dis:7    | Identified a +7 rod of destruction (10/10) (You found it on level 7 of the Iron City of Dis)
 73371 | Dis:7    | Identified Stuzivau's Handbook of Conjuration
 73376 | Dis:7    | Got a heavily runed leather armour
 73387 | Dis:7    | Identified the cursed -7 leather armour of Gixto {rF+ rN+ rCorr MP+9 Str-5 Int+4} (You found it on level 7 of the Iron City of Dis)
 73482 | Dis:7    | Noticed Dispater
 73509 | Dis:7    | Killed Dispater
 73526 | Dis:7    | Got an iron rune of Zot
 73733 | Coc:1    | Entered Level 1 of Cocytus
 74380 | Coc:1    | Reached skill level 10 in Invocations
 74598 | Coc:4    | Was forgiven by Gozag
 75156 | Coc:7    | Entered Level 7 of Cocytus
 75163 | Coc:7    | Noticed Antaeus
 75198 | Coc:7    | Killed Antaeus
 75205 | Coc:7    | Got an icy rune of Zot
 75208 | Coc:7    | Got a fine plate armour
 75252 | Coc:7    | Identified the +3 plate armour of Defence {rF+ rCorr} (You found it on level 7 of Cocytus)
 75469 | Coc:7    | Noticed the Serpent of Hell
 75485 | Coc:7    | Killed the Serpent of Hell
 75968 | Tar:1    | Entered Level 1 of Tartarus
 77675 | Tar:7    | Entered Level 7 of Tartarus
 78186 | Tar:7    | Identified the Compendium of Protection
 78191 | Tar:7    | Learned a level 3 spell: Flight
 78195 | Tar:7    | Identified a +1 rod of shadows (9/9) (You found it on level 7 of Tartarus)
 78290 | Tar:7    | Noticed Ereshkigal
 78301 | Tar:7    | Killed Ereshkigal
 78355 | Tar:7    | Got a pitted ring mail
 78360 | Tar:7    | Got a bone rune of Zot
 78362 | Tar:7    | Got a scorched scale mail
 78381 | Tar:7    | Got a wavering jade ring
 78398 | Tar:7    | Identified the +5 ring mail "Steyreiss" {Regen+ Str+4} (You found it on level 7 of Tartarus)
 78408 | Tar:7    | Identified the +3 scale mail "Ritossog" {rPois Regen+ Int-3} (You found it on level 7 of Tartarus)
 78422 | Tar:7    | Identified the ring "Weazxo" {rElec rPois rN+ Str+2 Int-4 SInv} (You found it on level 7 of Tartarus)
 78744 | Geh:1    | Entered Level 1 of Gehenna
 79022 | Geh:6    | Reached skill level 15 in Invocations
 79058 | Geh:7    | Entered Level 7 of Gehenna
 79253 | Geh:7    | Got a sparkling glass ring
 79255 | Geh:7    | Identified the ring "Ymehauff" {Ice Dex+6} (You took it off a balrug on level 7 of Gehenna)
 79394 | Geh:7    | Noticed Asmodeus
 79418 | Geh:7    | Killed Asmodeus
 79430 | Geh:7    | Got an obsidian rune of Zot
 79461 | Geh:7    | Got a transparent scale mail
 79466 | Geh:7    | Identified the cursed -2 scale mail "Egrein" {rF++ MP+9 Stlth+} (You found it on level 7 of Gehenna)
 80148 | Pan      | Entered Pandemonium
 80461 | Pan      | Noticed Kulum the pandemonium lord
 80477 | Pan      | Killed Kulum the pandemonium lord
 80834 | Pan      | Found an exit through the horrors of the Abyss.
 80859 | Pan      | Noticed Smetzot the pandemonium lord
 80873 | Pan      | Killed Smetzot the pandemonium lord
 81172 | Pan      | Noticed Cetixag the pandemonium lord
 81182 | Pan      | Killed Cetixag the pandemonium lord
 81253 | Pan      | Gained mutation: You occasionally shout uncontrollably at your foes. [a neqoxec]
 81256 | Pan      | Gained mutation: Your muscles are strong. (Str +2) [a neqoxec]
 81293 | Pan      | Found an exit through the horrors of the Abyss.
 81456 | Pan      | Entered the realm of Lom Lobon.
 81456 | Pan      | Found an exit through the horrors of the Abyss.
 81563 | Pan      | Noticed Lom Lobon
 81575 | Pan      | Killed Lom Lobon
 81604 | Pan      | Got a magical rune of Zot
 81968 | Pan      | Found an exit through the horrors of the Abyss.
 82394 | Pan      | Found an exit through the horrors of the Abyss.
 82450 | Pan      | Entered the realm of Mnoleg.
 82487 | Pan      | Gained mutation: Your system is resistant to poisons. [a cacodemon]
 82492 | Pan      | Gained mutation: Armour fits poorly on your strangely shaped body. [a neqoxec]
 82596 | Pan      | Found an exit through the horrors of the Abyss.
 82701 | Pan      | Gained mutation: You tend to lose your temper in combat. [a neqoxec]
 82763 | Pan      | Noticed Mnoleg
 82790 | Pan      | Killed Mnoleg
 82809 | Pan      | Got a glowing rune of Zot
 83026 | Pan      | Noticed Cillitua the pandemonium lord
 83039 | Pan      | Killed Cillitua the pandemonium lord
 83082 | Pan      | Found an exit through the horrors of the Abyss.
 83118 | Pan      | Gained mutation: Your body is slowly deteriorating. [a cacodemon]
 83371 | Pan      | Noticed Asa Plin the pandemonium lord
 83374 | Pan      | Gained mutation: You are clumsy. (Dex -2) [a cacodemon]
 83391 | Pan      | Killed Asa Plin the pandemonium lord
 83477 | Pan      | Noticed Maebattigri the pandemonium lord
 83480 | Pan      | Killed Maebattigri the pandemonium lord
 83492 | Pan      | Found an exit through the horrors of the Abyss.
 83839 | Pan      | Entered the realm of Cerebov.
 83933 | Pan      | Noticed Cerebov
 83956 | Pan      | Killed Cerebov
 83976 | Pan      | Got a fiery rune of Zot
 84093 | Pan      | Gained mutation: Your body is deteriorating. [a neqoxec]
 84319 | Pan      | Found a runed door.
 84343 | Pan      | Found a runed door.
 84344 | Pan      | Found a runed door.
 84346 | Pan      | Noticed Trarchyu the pandemonium lord
 84352 | Pan      | Killed Trarchyu the pandemonium lord
 84358 | Pan      | Found a runed door.
 84450 | Pan      | Found a runed door.
 84530 | Pan      | Found a runed door.
 84530 | Pan      | Found a runed door.
 84530 | Pan      | Noticed Zifautok the pandemonium lord
 84532 | Pan      | Found a runed door.
 84536 | Pan      | Killed Zifautok the pandemonium lord
 84635 | Pan      | Noticed Neeta the pandemonium lord
 84646 | Pan      | Killed Neeta the pandemonium lord
 84739 | Pan      | Found an exit through the horrors of the Abyss.
 84897 | Pan      | Gained mutation: You sometimes yell uncontrollably at your foes. [a neqoxec]
 84902 | Pan      | Lost mutation: Your body is deteriorating. [potion of cure mutation]
 84902 | Pan      | Lost mutation: You are clumsy. (Dex -2) [potion of cure mutation]
 84902 | Pan      | Lost mutation: Your muscles are strong. (Str +2) [potion of cure mutation]
 84902 | Pan      | Lost mutation: Armour fits poorly on your strangely shaped body. [potion of cure mutation]
 84903 | Pan      | Lost mutation: You tend to lose your temper in combat. [potion of cure mutation]
 84903 | Pan      | Lost mutation: Your system is resistant to poisons. [potion of cure mutation]
 84903 | Pan      | Lost mutation: Your body is slowly deteriorating. [potion of cure mutation]
 84903 | Pan      | Lost mutation: You have large cloven feet. [potion of cure mutation]
 84903 | Pan      | Lost mutation: You sometimes yell uncontrollably at your foes. [potion of cure mutation]
 84903 | Pan      | Lost mutation: You occasionally shout uncontrollably at your foes. [potion of cure mutation]
 85070 | Pan      | Found an exit through the horrors of the Abyss.
 85154 | Pan      | Gained mutation: You are clumsy. (Dex -2) [a neqoxec]
 85228 | Pan      | Found an exit through the horrors of the Abyss.
 85335 | Pan      | Noticed Thum the pandemonium lord
 85351 | Pan      | Killed Thum the pandemonium lord
 85376 | Pan      | Entered the realm of Gloorx Vloq.
 85385 | Pan      | Found an exit through the horrors of the Abyss.
 85512 | Pan      | Noticed Gloorx Vloq
 85518 | Pan      | Killed Gloorx Vloq
 85524 | Pan      | Got a dark rune of Zot
 85564 | Pan      | Got a fine pewter ring
 85565 | Pan      | Identified the cursed ring "Fiofufra" {rF+ AC-2 Dex+4} (You found it in Pandemonium)
 85636 | Pan      | Found an exit through the horrors of the Abyss.
 85795 | Pan      | Found an exit through the horrors of the Abyss.
 85830 | Pan      | Found a gateway to a ziggurat.
 85853 | Zig:1    | Entered Level 1 of a ziggurat
 85870 | Zig:2    | Entered Level 2 of a ziggurat
 85900 | Zig:3    | Entered Level 3 of a ziggurat
 85930 | Zig:4    | Entered Level 4 of a ziggurat
 85967 | Zig:5    | Entered Level 5 of a ziggurat
 86002 | Zig:5    | Got a pair of shimmering boots
 86016 | Zig:5    | Identified the +1 pair of boots of Shatutet {-Cast Str+3 Dex+7} (You found it on level 5 of a ziggurat)
 86022 | Zig:6    | Entered Level 6 of a ziggurat
 86027 | Zig:6    | Noticed Jurehoicvu the pandemonium lord
 86036 | Zig:6    | Killed Jurehoicvu the pandemonium lord
 86059 | Zig:6    | Reached skill level 5 in Spellcasting
 86061 | Zig:6    | Lost mutation: You are clumsy. (Dex -2) [potion of cure mutation]
 86061 | Zig:6    | Lost mutation: You can breathe flames. [potion of cure mutation]
 86061 | Zig:6    | Lost mutation: Your skin changes colour to match your surroundings (Stealth). [potion of cure mutation]
 86064 | Zig:7    | Entered Level 7 of a ziggurat
 86135 | Zig:7    | Got a smoking glass ring
 86142 | Zig:7    | Got a crude chain mail
 86143 | Zig:7    | Identified the +0 chain mail of the Skies Above {rF- MR+ MP+9 Str-5 Dex+10} (You found it on level 7 of a ziggurat)
 86145 | Zig:7    | Identified the ring of Free Will {+Inv +Fly rF- Dex+6 Stlth+} (You found it on level 7 of a ziggurat)
 86148 | Zig:8    | Entered Level 8 of a ziggurat
 86204 | Zig:9    | Entered Level 9 of a ziggurat
 86219 | Zig:9    | Gained mutation: Scrolls take you a little longer to read. [a shining eye]
 86248 | Zig:9    | Got a citrine-studded chain mail
 86266 | Zig:9    | Identified the +6 chain mail of Analysis {Str+2} (You found it on level 9 of a ziggurat)
 86279 | Zig:10   | Entered Level 10 of a ziggurat
 86377 | Zig:10   | Lost mutation: Scrolls take you a little longer to read. [potion of cure mutation]
 86378 | Zig:10   | Gained mutation: You possess an exceptional clarity of mind. [potion of beneficial mutation]
 86384 | Zig:10   | Identified Ivifroqio's Tome of Enchantment (You found it on level 10 of a ziggurat)
 86387 | Zig:11   | Entered Level 11 of a ziggurat
 86454 | Zig:11   | Got a pitted bronze ring
 86455 | Zig:11   | Identified the ring "Crofu" {Ice SInv} (You found it on level 11 of a ziggurat)
 86461 | Zig:12   | Entered Level 12 of a ziggurat
 86472 | Zig:12   | Noticed an ancient lich
 86482 | Zig:12   | Killed an ancient lich
 86518 | Zig:13   | Entered Level 13 of a ziggurat
 86573 | Zig:13   | Reached skill level 5 in Translocations
 86587 | Zig:13   | Got a heavily runed silver ring
 86588 | Zig:13   | Identified the cursed ring "Eggysar" {Str+3 Slay-4} (You found it on level 13 of a ziggurat)
 86593 | Zig:14   | Entered Level 14 of a ziggurat
 86610 | Zig:14   | Reached skill level 1 in Charms
 86690 | Zig:15   | Entered Level 15 of a ziggurat
 86723 | Zig:15   | Reached skill level 5 in Charms
 86729 | Zig:15   | Reached skill level 15 in Evocations
 86762 | Zig:15   | Got a brightly glowing copper ring
 86767 | Zig:15   | Got a brightly glowing golden ring
 86772 | Zig:15   | Identified the ring "Ghi Ghem" {rElec rF- Int+3 Stlth+} (You found it on level 15 of a ziggurat)
 86774 | Zig:15   | Identified the cursed ring of Circularity {rElec rF+ Dex-3} (You found it on level 15 of a ziggurat)
 86779 | Zig:16   | Entered Level 16 of a ziggurat
 86860 | Zig:16   | Identified a +4 rod of the swarm (9/9) (You found it on level 16 of a ziggurat)
 86874 | Zig:16   | Got a crude chain mail
 86879 | Zig:16   | Got a slimy pewter amulet
 86883 | Zig:16   | Got a sparkling ivory ring
 86884 | Zig:16   | Identified the +7 chain mail of Sirchaopp {+Blink Regen+ Str-2 Int+4} (You found it on level 16 of a ziggurat)
 86886 | Zig:16   | Identified the amulet "Caitutat" {Ward rC+ rN+} (You found it on level 16 of a ziggurat)
 86888 | Zig:16   | Identified the ring of Pyron {Wiz rElec rC+ Dex+5} (You found it on level 16 of a ziggurat)
 86896 | Zig:17   | Entered Level 17 of a ziggurat
 86923 | Zig:17   | Was placed under penance by the Shining One
 87103 | Zig:17   | Reached skill level 5 in Transmutations
 87109 | Zig:17   | Got a distressingly furry scale mail
 87110 | Zig:17   | Identified the cursed +0 scale mail "Stemeb" {rF- Str+8} (You found it on level 17 of a ziggurat)
 87115 | Zig:17   | Got a transparent wooden ring
 87116 | Zig:17   | Identified the ring "Uqobaurhaagg" {+Fly Str+2} (You found it on level 17 of a ziggurat)
 87123 | Zig:18   | Entered Level 18 of a ziggurat
 87145 | Zig:18   | Reached skill level 10 in Charms
 87182 | Zig:18   | Noticed an ancient lich
 87269 | Zig:18   | Killed an ancient lich
 87299 | Zig:18   | Got a sparkling marble ring
 87307 | Zig:18   | Identified the ring "Rofitt" {Str+4 Int+3 Dex+4} (You found it on level 18 of a ziggurat)
 87370 | Zig:19   | Entered Level 19 of a ziggurat
 87398 | Zig:19   | Was forgiven by the Shining One
 87551 | Zig:19   | Identified a +0 rod of shadows (13/13) (You found it on level 19 of a ziggurat)
 87566 | Zig:19   | Got a warped plate armour
 87572 | Zig:19   | Identified the +9 plate armour of Ynkil {Regen+ Int+5} (You found it on level 19 of a ziggurat)
 87580 | Zig:19   | Got a twisted large shield
 87581 | Zig:19   | Identified the +0 large shield "Psogiuhom" {Int+2} (You acquired it on level 19 of a ziggurat)
 87655 | Zig:19   | Reached skill level 5 in Earth Magic
 87657 | Zig:20   | Entered Level 20 of a ziggurat
 87940 | Zig:21   | Entered Level 21 of a ziggurat
 87990 | Zig:21   | Noticed an ancient lich
 88000 | Zig:21   | Killed an ancient lich
 88048 | Zig:21   | Noticed an ancient lich
 88055 | Zig:21   | Killed an ancient lich
 88120 | Zig:21   | Got a steaming brass ring
 88131 | Zig:21   | Got a translucent wooden ring
 88134 | Zig:21   | Got a faintly glowing scale mail
 88157 | Zig:21   | Identified the Handbook of Self-Improvement (You found it on level 21 of a ziggurat)
 88163 | Zig:21   | Learned a level 4 spell: Control Teleport
 88165 | Zig:21   | Learned a level 1 spell: Infusion
 88168 | Zig:21   | Learned a level 2 spell: Song of Slaying
 88173 | Zig:21   | Got a scorched buckler
 88174 | Zig:21   | Identified the +0 buckler of Troejimu {rC- Str+6} (You found it on level 21 of a ziggurat)
 88187 | Zig:21   | Identified the +4 scale mail "Streiz Ittauq" {rC++ rN+ Str-3 Dex+3} (You found it on level 21 of a ziggurat)
 88200 | Zig:21   | Identified the ring "Ceomen" {Wiz rElec} (You found it on level 21 of a ziggurat)
 88206 | Zig:21   | Identified the ring of Eternal Harmony {rPois rF+ EV+3 Dex-2} (You found it on level 21 of a ziggurat)
 88212 | Zig:22   | Entered Level 22 of a ziggurat
 88277 | Zig:22   | Was placed under penance by the Shining One
 88297 | Zig:22   | Reached skill level 25 in Shields
 88419 | Zig:22   | Identified a +3 rod of destruction (14/14) (You found it on level 22 of a ziggurat)
 88428 | Zig:22   | Reached skill level 10 in Spellcasting
 88519 | Zig:23   | Entered Level 23 of a ziggurat
 88561 | Zig:23   | Was forgiven by the Shining One
 88569 | Zig:23   | Gained mutation: You are dopey. (Int -2) [a cacodemon]
 88570 | Zig:23   | Noticed Xaczirhe the pandemonium lord
 88581 | Zig:23   | Killed Xaczirhe the pandemonium lord
 88599 | Zig:23   | Gained mutation: Your flesh is heat resistant. [a neqoxec]
 88645 | Zig:23   | Reached skill level 5 in Air Magic
 88651 | Zig:23   | Reached skill level 5 in Hexes
 88674 | Zig:23   | Got a smoking amethyst amulet
 88675 | Zig:23   | Identified the amulet of Ohaw {Stasis rPois rC++ Int-5 Stlth+} (You found it on level 23 of a ziggurat)
 88680 | Zig:23   | Got a smoking granite ring
 88682 | Zig:23   | Identified the ring "Nacvoish" {rF++ EV+2 Dex-2} (You found it on level 23 of a ziggurat)
 88708 | Zig:24   | Entered Level 24 of a ziggurat
 88902 | Zig:24   | Lost intelligence.
 89182 | Zig:24   | Got a glittering lead ring
 89189 | Zig:24   | Got a tattered robe
 89200 | Zig:24   | Got a warped pewter amulet
 89218 | Zig:24   | Identified the +3 robe of Darkness {rElec rF+ Str+3 Slay-3 SInv} (You found it on level 24 of a ziggurat)
 89239 | Zig:24   | Identified the cursed ring of Ebetsoipt {rC++ Int-4 Dex+3 Slay-2} (You found it on level 24 of a ziggurat)
 89241 | Zig:24   | Identified the amulet of Vigienli {Faith +Blink Str+4 Int-5} (You found it on level 24 of a ziggurat)
 89259 | Zig:25   | Entered Level 25 of a ziggurat
 89297 | Zig:25   | Reached skill level 26 in Shields
 89331 | Zig:25   | Noticed Saonoym the pandemonium lord
 89347 | Zig:25   | Killed Saonoym the pandemonium lord
 89513 | Zig:25   | Identified a -1 rod of the swarm (10/10) (You found it on level 25 of a ziggurat)
 89533 | Zig:25   | Got a crude bronze ring
 89546 | Zig:25   | Identified the ring of Rerecaes {rElec MR+ Stlth+} (You found it on level 25 of a ziggurat)
 89578 | Zig:25   | Got a translucent leather armour
 89589 | Zig:25   | Identified the +3 leather armour "Tetzoinu" {Int+2 Slay+3} (You found it on level 25 of a ziggurat)
 89759 | Pan      | Found an exit through the horrors of the Abyss.
 89759 | Pan      | Gained mutation: Scrolls take you a little longer to read. [a cacodemon]
 89844 | Pan      | Reached skill level 10 in Earth Magic
 89850 | Pan      | Noticed Nachuiv the pandemonium lord
 89859 | Pan      | Killed Nachuiv the pandemonium lord
 90202 | Pan      | Noticed Pneug the pandemonium lord
 90205 | Pan      | Killed Pneug the pandemonium lord
 90524 | Pan      | Reached skill level 15 in Earth Magic
 90848 | Pan      | Found an exit through the horrors of the Abyss.
 91175 | Pan      | Found an exit through the horrors of the Abyss.
 91614 | Pan      | Noticed Feul the pandemonium lord
 91628 | Pan      | Killed Feul the pandemonium lord
 91726 | Pan      | Reached skill level 27 in Shields
 91994 | Pan      | Gained mutation: Your magical capacity is low (-10% MP). [a neqoxec]
 92570 | Pan      | Found an exit through the horrors of the Abyss.
 92754 | Pan      | Noticed Groan the pandemonium lord
 92762 | Pan      | Killed Groan the pandemonium lord
 93169 | Pan      | Gained mutation: You tend to lose your temper in combat. [a cacodemon]
 93375 | Pan      | Found an exit through the horrors of the Abyss.
 93693 | Pan      | Found an exit through the horrors of the Abyss.
 93826 | Pan      | Noticed Fisuafut the pandemonium lord
 93832 | Pan      | Killed Fisuafut the pandemonium lord
 93991 | Pan      | Lost mutation: Scrolls take you a little longer to read. [potion of cure mutation]
 93991 | Pan      | Lost mutation: You tend to lose your temper in combat. [potion of cure mutation]
 93991 | Pan      | Lost mutation: Your magical capacity is low (-10% MP). [potion of cure mutation]
 93991 | Pan      | Lost mutation: You possess an exceptional clarity of mind. [potion of cure mutation]
 95042 | Pan      | Found an exit through the horrors of the Abyss.
 95170 | Pan      | Found an exit through the horrors of the Abyss.
 95284 | Pan      | Gained mutation: Armour fits poorly on your strangely shaped body. [a neqoxec]
 95940 | Pan      | Noticed Inar the pandemonium lord
 95949 | Pan      | Killed Inar the pandemonium lord
 95954 | Pan      | Found an exit through the horrors of the Abyss.
 95969 | Pan      | Gained mutation: You are weak. (Str -2) [a cacodemon]
 96506 | Pan      | Got a demonic rune of Zot
 96643 | Pan      | Lost mutation: Armour fits poorly on your strangely shaped body. [potion of cure mutation]
 96643 | Pan      | Lost mutation: You are weak. (Str -2) [potion of cure mutation]
 96643 | Pan      | Lost mutation: You are dopey. (Int -2) [potion of cure mutation]
 96643 | Pan      | Lost mutation: Your flesh is heat resistant. [potion of cure mutation]
 97008 | Pan      | Found an exit through the horrors of the Abyss.
 97015 | Pan      | Took an exit into the Abyss.
 97015 | Abyss:1  | Escaped into the Abyss
 97660 | Abyss:2  | Reached skill level 27 in Unarmed Combat
 97774 | Abyss:2  | Found a corrupted altar of Lugonu.
 98310 | Abyss:3  | Gained mutation: Your magical capacity is low (-10% MP). [a neqoxec]
 98512 | Abyss:4  | Found a burning altar of Makhleb.
 98767 | Abyss:4  | Paralysed by accursed screaming for 1 turns
 99049 | Abyss:4  | Paralysed by accursed screaming for 2 turns
 99509 | Abyss:4  | Gained mutation: You are clumsy. (Dex -2) [a neqoxec]
 99604 | Abyss:4  | Gained mutation: You tend to lose your temper in combat. [a neqoxec]
 99605 | Abyss:4  | Gained mutation: You are very clumsy. (Dex -4) [a neqoxec]
 99614 | Abyss:4  | Lost mutation: Your magical capacity is low (-10% MP). [potion of cure mutation]
 99614 | Abyss:4  | Lost mutation: You tend to lose your temper in combat. [potion of cure mutation]
 99614 | Abyss:4  | Lost mutation: You are very clumsy. (Dex -4) [potion of cure mutation]
 99614 | Abyss:4  | Lost mutation: You are clumsy. (Dex -2) [potion of cure mutation]
 99673 | Abyss:4  | Gained mutation: Armour fits poorly on your strangely shaped body. [a neqoxec]
 99686 | Abyss:4  | Paralysed by accursed screaming for 2 turns
 99690 | Abyss:4  | Paralysed by accursed screaming for 2 turns
 99924 | Abyss:4  | Paralysed by accursed screaming for 1 turns
100022 | Abyss:4  | Paralysed by accursed screaming for 1 turns
100036 | Abyss:4  | Paralysed by accursed screaming for 1 turns
100039 | Abyss:4  | Gained mutation: You are weak. (Str -2) [a neqoxec]
100100 | Abyss:4  | Paralysed by accursed screaming for 2 turns
100106 | Abyss:4  | Found a corrupted altar of Lugonu.
100114 | Abyss:4  | Found a corrupted altar of Lugonu.
100253 | Abyss:4  | Found a corrupted altar of Lugonu.
100466 | Abyss:4  | Paralysed by accursed screaming for 1 turns
100620 | Abyss:4  | Got an abyssal rune of Zot
100790 | Depths:1 | Escaped the Abyss
101077 | Zot:1    | Lost mutation: Armour fits poorly on your strangely shaped body. [potion of cure mutation]
101078 | Zot:1    | Lost mutation: You are weak. (Str -2) [potion of cure mutation]
101230 | Zot:5    | Noticed an ancient lich
101244 | Zot:5    | Killed an ancient lich
101250 | Zot:5    | Noticed an ancient lich
101267 | Zot:5    | Killed an ancient lich
101300 | Zot:5    | Noticed an ancient lich
101309 | Zot:5    | Killed an ancient lich
101331 | Zot:5    | Noticed an orb of fire
101336 | Zot:5    | Killed an orb of fire
101340 | Zot:5    | Noticed an ancient lich
101340 | Zot:5    | Noticed an ancient lich
101341 | Zot:5    | Noticed an orb of fire
101345 | Zot:5    | Killed an ancient lich
101346 | Zot:5    | Noticed an orb of fire
101354 | Zot:5    | Gained mutation: You are clumsy. (Dex -2) [an orb of fire]
101355 | Zot:5    | Gained mutation: You have difficulty communicating with the divine. [an orb of fire]
101366 | Zot:5    | Killed from afar by an electric golem

Action                   |  1- 3 |  4- 6 |  7- 9 | 10-12 | 13-15 | 16-18 | 19-21 | 22-24 | 25-27 || total
-------------------------+-------+-------+-------+-------+-------+-------+-------+-------+-------++-------
Melee: Unarmed           |   129 |   147 |   397 |   729 |  1982 |  1598 |  1605 |  1420 |  7826 || 15833
 Fire: Blowgun           |       |       |       |       |       |     6 |     8 |       |       ||    14
Throw: Tomahawk          |       |       |     6 |       |       |       |       |       |       ||     6
       Javelin           |       |       |       |    14 |    51 |    90 |     5 |    11 |     3 ||   174
       Throwing net      |       |       |       |       |       |     1 |       |       |       ||     1
 Cast: Song of Slaying   |       |       |       |       |       |       |       |       |     1 ||     1
Invok: Call Merchant     |       |       |       |     2 |     3 |     2 |       |     3 |     1 ||    11
       Potion Petition   |       |       |       |       |       |       |     1 |       |       ||     1
       Cleansing Flame   |       |       |       |       |       |       |       |       |   167 ||   167
       Summon Divine War |       |       |       |       |       |       |       |       |    63 ||    63
       Divine Shield     |       |       |       |       |       |       |       |       |    30 ||    30
 Abil: Breathe Fire      |       |     1 |       |       |       |       |       |       |     1 ||     2
Evoke: Wand              |       |       |     2 |       |    12 |    22 |       |    12 |    20 ||    68
       Stone of tremors  |       |       |       |       |       |       |       |       |     2 ||     2
       Disc of storms    |       |       |       |       |       |       |       |       |    81 ||    81
       Lamp of fire      |       |       |       |       |       |       |       |       |    15 ||    15
       Fan of gales      |       |       |       |       |       |       |       |       |     9 ||     9
       Phial of floods   |       |       |       |       |       |       |       |       |     8 ||     8
       Rod               |       |       |       |       |       |       |       |       |     1 ||     1
  Use: Scroll            |       |    11 |     8 |    14 |    14 |    23 |     5 |    12 |    95 ||   182
       Potion            |       |     1 |       |     3 |     8 |     8 |     1 |     2 |    59 ||    82
 Stab: Sleeping          |     4 |     1 |     2 |     3 |     9 |    23 |    20 |    23 |     7 ||    92
       Distracted        |       |     1 |       |     4 |    15 |    11 |    16 |    21 |    21 ||    89
       Invisible         |       |       |       |       |     4 |       |       |       |       ||     4
       Confused          |       |       |       |       |       |       |       |       |     1 ||     1
  Eat: Chunk             |     1 |     6 |     8 |       |       |       |       |       |       ||    15
       Beef jerky        |       |     1 |     1 |     3 |     2 |     5 |     1 |     1 |    12 ||    26
       Pizza             |       |       |     2 |     1 |     3 |     2 |     1 |       |    11 ||    20
       Royal jelly       |       |       |     1 |       |     4 |     4 |     8 |     1 |    10 ||    28
       Fruit             |       |       |       |    18 |    21 |    14 |     4 |    14 |    18 ||    89
       Bread ration      |       |       |       |       |     4 |       |     2 |     5 |    29 ||    40
